 Dungeon Crawl Stone Soup version 0.18.1-8-gdd0e5ea (webtiles) character file.

276 georgeearnest the Ruffian (level 6, 0/53 HPs)
             Began as a Draconian Monk on May 27, 2016.
             Was a Believer of Yredelemnul.
             Succumbed to ReniFell's ghost's poison
             ... on level 4 of the Dungeon.
             The game lasted 00:07:25 (3492 turns).

georgeearnest the Ruffian (Draconian Monk)          Turns: 3492, Time: 00:07:26

Health: 0/53       AC:  6    Str: 15      XL:     6   Next: 4%
Magic:  6/6        EV: 14    Int:  8 (10) God:    Yredelemnul [**....]
Gold:   176        SH:  0    Dex: 14      Spells: 0 memorised, 5 levels left

rFire  . . .     SeeInvis .       - Unarmed
rCold  . . .     Gourm    .     (armour unavailable)
rNeg   . . .     Faith    .     (no shield)
rPois  .         Spirit   .     (helmet restricted)
rElec  .         Dismiss  .     (no cloak)
rCorr  .         Reflect  .     (no gloves)
SustAt .         Harm     .     (no boots)
MR     .....                    (no amulet)
Stlth  ++........               (no ring)
                                (no ring)

@: lethally poisoned (0 -> -25), not resistant to hostile enchantments,
unstealthy
A: unfitting armour, cold-blooded, AC +6
a: Animate Remains, Recall Undead Slaves, Injury Mirror, Renounce Religion


You were on level 4 of the Dungeon.
You worshipped Yredelemnul.
Yredelemnul was pleased with you.
You were not hungry.

You visited 1 branch of the dungeon, and saw 4 of its levels.

You collected 176 gold pieces.

Inventory:

Jewellery
 a - an uncursed ring of flight {unknown}
 m - an uncursed amulet of guardian spirit {unknown}
 n - an uncursed ring of fire {unknown}
Scrolls
 c - 5 scrolls of identify {unknown}
 f - a scroll of teleportation {unknown}
 h - a scroll of random uselessness {unknown}
 j - 2 scrolls of remove curse {unknown}
 p - a scroll of noise {unknown}
Potions
 b - a potion of invisibility {unknown}
 e - a potion of lignification
 o - a potion of magic
Books
 g - a Grand Grimoire

   Spells                             Type                      Level
   a - Monstrous Menagerie            Summoning                    7
   b - Summon Greater Demon           Summoning                    7
   c - Malign Gateway                 Summoning/Translocation      7
   d - Summon Horrible Things         Summoning                    8
Comestibles
 d - 2 meat rations
 i - a bread ration


   Skills:
 + Level 4.3 Fighting
 + Level 4.5 Dodging
 + Level 2.3 Stealth
 + Level 5.2 Unarmed Combat
 + Level 0.2 Invocations


You had 5 spell levels left.
You didn't know any spells.

Dungeon Overview and Level Annotations

Branches:
Dungeon (4/15)
 Temple: D:4-7

Altars:
Elyvilon
Yredelemnul

Annotations:
D:4 ReniFell's ghost, amateur MiFi


Innate Abilities, Weirdness & Mutations

Your plain brown scales are hard (AC +6).
Your body does not fit into most forms of armour.
You are cold-blooded and may be slowed by cold attacks.


Message History

You feel sick.
Your adder zombie bites ReniFell's ghost but does no damage.
ReniFell's ghost closely misses your adder zombie.
You barely miss ReniFell's ghost.
ReniFell's ghost is heavily damaged.
* * * LOW HITPOINT WARNING * * *
You feel sick.
Your adder zombie bites ReniFell's ghost.
You hit ReniFell's ghost but do no damage.
ReniFell's ghost is heavily damaged.
* * * LOW HITPOINT WARNING * * *
You feel sick. ReniFell's ghost hits you.
* * * LOW HITPOINT WARNING * * *
You are more poisoned.
Your adder zombie bites ReniFell's ghost.
You catch the helpless ReniFell's ghost momentarily off-guard.
You hit ReniFell's ghost but do no damage.
ReniFell's ghost is severely damaged.
You die...
Your body rises from the dead as a mindless zombie.

..###############
#...............
#...............
#...............
#...............
##'#...............
....S..Z......)....
....###W###'####'# .
#..@..#Z..#
..#.....#...#
..#######...#
........#...#
........+...#
........#...#
........#...#
........#...#
........##'###########


You could see ReniFell's ghost and a friendly adder zombie.

Vanquished Creatures
  A howler monkey (D:4)
  2 worker ants
  6 gnolls (D:3)
  6 adders
  2 worms
  A giant gecko (D:4)
  3 ball pythons
  9 bats
  3 giant cockroaches
  10 goblins
  12 hobgoblins
  4 jackals (D:3)
  2 quokkas
  2 giant newts
  10 kobolds
  3 rats
76 creatures vanquished.

Vanquished Creatures (others)
  A howler monkey zombie (D:4)
  A worm zombie (D:3)
2 creatures vanquished.

Grand Total: 78 creatures vanquished

Notes
Turn   | Place    | Note
--------------------------------------------------------------
     0 | D:1      | georgeearnest the Draconian Monk began the quest for the Orb.
     0 | D:1      | Reached XP level 1. HP: 19/19 MP: 1/1
   150 | D:1      | Reached XP level 2. HP: 23/26 MP: 2/2
   766 | D:1      | Reached XP level 3. HP: 31/31 MP: 3/3
  1334 | D:2      | Reached XP level 4. HP: 40/40 MP: 4/4
  1459 | D:2      | Found a white marble altar of Elyvilon.
  1617 | D:2      | Found a basalt altar of Yredelemnul.
  2020 | D:2      | Became a worshipper of Yredelemnul the Dark
  2020 | D:2      | Reached * piety under Yredelemnul
  2020 | D:2      | Reached ** piety under Yredelemnul
  2348 | D:3      | HP: 1/40 [gnoll/club (3)]
  2473 | D:3      | Reached XP level 5. HP: 38/46 MP: 5/5
  2945 | D:3      | Reached skill level 5 in Unarmed Combat
  3382 | D:4      | Reached XP level 6. HP: 47/53 MP: 6/6
  3472 | D:4      | Noticed ReniFell's ghost (amateur MiFi)
  3491 | D:4      | HP: 2/53 [ReniFell's ghost (2)]
  3492 | D:4      | Succumbed to ReniFell's ghost's poison

Skill      XL: |  1  2  3  4  5 |
---------------+----------------+-----
Dodging        | 3 4 |  4.5
Stealth        | 2 |  2.3
Fighting       | 4 |  4.3
Unarmed Combat | 5 |  5.2
Invocations    | |  0.2

Action                   |  1- 3 |  4- 6 || total
-------------------------+-------+-------++-------
Melee: Unarmed           |   146 |   167 ||   313
       Tailslap          |    10 |    16 ||    26
       Punch             |       |     3 ||     3
Invok: Animate Remains   |       |     5 ||     5
       Recall Undead Sla |       |     1 ||     1
  Use: Potion            |       |    11 ||    11
 Stab: Sleeping          |     2 |     2 ||     4
       Distracted        |       |     2 ||     2
  Eat: Bread ration      |       |     1 ||     1
       Meat ration       |       |     1 ||     1
Armor: Skin              |    57 |    48 ||   105
Dodge: Dodged            |   127 |   135 ||   262
